 Dungeon Crawl Stone Soup version 0.22.0-49-gab54619674 (webtiles) character file.

1322 Freyura the Thaumaturge (level 8, -2/58 HPs)
             Began as a Gnoll Wizard on Sept 7, 2018.
             Slain by Harold
             ... wielding a +0 short sword
              (4 damage)
             ... on level 7 of the Dungeon.
             The game lasted 00:44:04 (6282 turns).

Freyura the Thaumaturge (Gnoll Wizard)              Turns: 6282, Time: 00:44:05

Health: -2/58      AC:  7    Str: 11    XL:     8   Next: 59%
Magic:  2/20       EV: 15    Int: 22    God:
Gold:   310        SH:  0    Dex: 13    Spells: 6/23 levels left

rFire    + . .     SeeInvis .   p - +4 dagger (vamp)
rCold    + . .     Gourm    .   (no shield)
rNeg     . . .     Faith    .   a - +0 robe
rPois    .         Spirit   .   n - +1 helmet
rElec    .         Reflect  .   h - scarf {rC+ rF+}
rCorr    .         Harm     .   t - +2 pair of gloves
MR       .....                  (no boots)
Stlth    ++++......             x - amulet of the acrobat
HPRegen  0.19/turn              g - ring of stealth
MPRegen  0.17/turn              (no ring)

@: marked
A: distributed training, fangs 1, strong nose
a: no special abilities


You were on level 7 of the Dungeon.
You were hungry.

You visited 1 branch of the dungeon, and saw 7 of its levels.
You also visited: Sewer.

You collected 448 gold pieces.
You spent 138 gold pieces at shops.

Inventory:

Hand Weapons
 p - a +4 vampiric dagger (weapon)
Missiles
 i - 24 poisoned needles
Armour
 a - a +0 robe (worn)
 h - a scarf of resistance (worn)
 n - a +1 helmet (worn)
 t - a +2 pair of gloves (worn)
 A - the +5 ring mail of Mutualism {rF- rC++ Dex+6}
   (You found it on level 5 of the Dungeon)

   It affects your dexterity (+6).
   It makes you vulnerable to fire.
   It greatly protects you from cold.
Jewellery
 g - a ring of stealth (left hand)
 x - an amulet of the acrobat (around neck)
Wands
 b - a wand of digging (14)
 c - a wand of flame (14)
 z - a wand of iceblast (18)
Scrolls
 e - 5 scrolls of remove curse
 f - 2 scrolls of blinking
 s - 2 scrolls of identify
 v - 2 scrolls of fear
 B - 2 scrolls of teleportation
Potions
 j - 4 potions of curing
 k - a potion of resistance {unknown}
 l - 5 potions of heal wounds
 m - 3 potions of lignification
 o - 2 potions of mutation {unknown}
 r - 3 potions of ambrosia
 u - 2 potions of magic {unknown}
 w - a potion of might {unknown}
 C - a potion of agility {unknown}
Miscellaneous
 q - a phantom mirror
Comestibles
 d - 3 rations


   Skills:
 + Level 3.3 Fighting
 + Level 3.3 Short Blades
 + Level 3.3 Long Blades
 + Level 3.3 Axes
 + Level 3.3 Maces & Flails
 + Level 3.3 Polearms
 + Level 3.3 Staves
 + Level 3.3 Slings
 + Level 3.3 Bows
 + Level 3.3 Crossbows
 + Level 3.3 Throwing
 + Level 3.3 Armour
 + Level 5.7 Dodging
 + Level 5.4 Stealth
 + Level 3.3 Shields
 + Level 3.3 Unarmed Combat
 + Level 8.0 Spellcasting
 + Level 3.5 Conjurations
 + Level 2.7 Hexes
 + Level 2.7 Charms
 + Level 3.5 Summonings
 + Level 2.7 Necromancy
 + Level 3.5 Translocations
 + Level 2.7 Transmutations
 + Level 2.7 Fire Magic
 + Level 2.7 Ice Magic
 + Level 2.7 Air Magic
 + Level 2.7 Earth Magic
 + Level 2.7 Poison Magic
 + Level 3.7 Invocations
 + Level 3.3 Evocations


You had 6 spell levels left.
You knew the following spells:

 Your Spells              Type           Power        Failure   Level  Hunger
a - Magic Dart            Conj           ###.         1%          1    None
b - Blink                 Tloc           N/A          2%          2    None
c - Call Imp              Summ           ###.....     2%          2    None
d - Slow                  Hex            ###.....     3%          2    None
e - Conjure Flame         Conj/Fire      ###.....     6%          3    None
f - Mephitic Cloud        Conj/Pois/Air  ###.....     6%          3    None
g - Iskenderun's Mystic   Conj           ###.....     17%         4    ###....

Your spell library contained the following spells:

 Spells                   Type           Power        Failure   Level  Hunger
 Searing Ray              Conj           ###...       2%          2    None
 Dazzling Spray           Conj/Hex       ###...       6%          3    None
 Force Lance              Conj/Tloc      ###.....     17%         4    ###....
 Fulminant Prism          Conj/Hex       ###.......   21%         4    ###....


Dungeon Overview and Level Annotations

Branches:
Dungeon (7/15)
 Temple: D:4-7

Altars:
Nemelex Xobeh
Trog

Shops:
D:7 (?

Annotations:
D:7 Harold


Innate Abilities, Weirdness & Mutations

Your experience applies equally to all skills.
You have very sharp teeth.
Your uncanny sense of smell can sniff out nearby items.


Message History

Harold is heavily wounded.
Harold hits you with a short sword!
Your crimson imp closely misses Harold.
You completely miss Harold.
Harold is heavily wounded.
Harold hits you with a short sword!
* * * LOW HITPOINT WARNING * * *
Your crimson imp closely misses Harold.
You barely miss Harold.
Harold is heavily wounded.
Harold hits you with a short sword!
* * * LOW HITPOINT WARNING * * *
You barely miss Harold.
Harold is heavily wounded.
Your crimson imp hits Harold but does no damage.
Casting: Magic Dart (safe; 1% risk of failure)
Confirm with . or Enter, or press ? or * to list all spells.
A beastly little devil appears in a puff of frigid air.
Your white imp says, "I yield to your servitude, my illustrious and god-like Harold hits you with a short sword.
You die...

...........................
............................
............................
.......................(....
.#.........................
####...................... #
####.........5........
######^.....5.....
#....@@...... #...##.......
#...# ###.... #...# #..
#.... # ##...# #...# ##..#


You could see Harold, a friendly crimson imp and a friendly white imp.

Vanquished Creatures
  2 ice beasts (D:6)
  A sky beast (D:7)
  2 ogres
  A bullfrog (Sewer)
  2 scorpions
  A crimson imp (D:4)
  A bullfrog zombie (D:5)
  A jelly (D:7)
  3 orc priests
  Crazy Yiuf (D:6)
  2 centaur skeletons
  3 iguanas
  2 worker ants
  A howler monkey zombie (D:6)
  9 adders
  A howler monkey skeleton (D:5)
  2 shadow imps (D:6)
  An ooze (D:1)
  3 worms
  3 dart slugs
  9 leopard geckos
  7 orcs
  12 giant cockroaches
  7 goblins
  8 hobgoblins
  3 jackals (D:7)
  2 quokkas
  5 ball pythons (Sewer)
  8 bats
  11 frilled lizards
  A jackal zombie (D:4)
  4 kobolds
  A quokka skeleton (D:4)
  A quokka zombie (D:6)
  4 rats
125 creatures vanquished.

Vanquished Creatures (collateral kills)
  An orc warrior (D:3)
  An orc priest (D:4)
  An orc wizard (D:4)
  3 leopard geckos (D:3)
  4 orcs
  A ball python (D:3)
  A hobgoblin (D:3)
12 creatures vanquished.

Grand Total: 137 creatures vanquished

Notes
Turn   | Place    | Note
-------+----------+-------------------------------------------
     0 | D:1      | Freyura the Gnoll Wizard began the quest for the Orb.
     0 | D:1      | Reached XP level 1. HP: 13/13 MP: 8/8
   236 | D:1      | Reached XP level 2. HP: 19/19 MP: 6/10
   739 | D:2      | Reached XP level 3. HP: 25/25 MP: 4/11
   889 | D:2      | Reached skill level 1 in Invocations
  1018 | D:2      | Reached skill level 1 in Fighting
  1018 | D:2      | Reached skill level 1 in Short Blades
  1018 | D:2      | Reached skill level 1 in Long Blades
  1018 | D:2      | Reached skill level 1 in Axes
  1018 | D:2      | Reached skill level 1 in Maces & Flails
  1018 | D:2      | Reached skill level 1 in Polearms
  1018 | D:2      | Reached skill level 1 in Staves
  1018 | D:2      | Reached skill level 1 in Slings
  1018 | D:2      | Reached skill level 1 in Bows
  1018 | D:2      | Reached skill level 1 in Crossbows
  1018 | D:2      | Reached skill level 1 in Throwing
  1018 | D:2      | Reached skill level 1 in Armour
  1018 | D:2      | Reached skill level 1 in Shields
  1018 | D:2      | Reached skill level 1 in Unarmed Combat
  1018 | D:2      | Reached skill level 1 in Evocations
  1186 | D:2      | Found a bloodstained altar of Trog.
  1194 | D:2      | Reached XP level 4. HP: 31/32 MP: 8/13
  1535 | D:3      | Noticed an orc warrior
  1536 | D:3      | Learned a level 2 spell: Blink
  1575 | D:3      | Learned a level 2 spell: Call Imp
  1578 | D:3      | Learned a level 2 spell: Slow
  1582 | D:3      | Learned a level 3 spell: Conjure Flame
  1586 | D:3      | Learned a level 3 spell: Mephitic Cloud
  1694 | D:3      | Found a glowing drain.
  1731 | Sewer    | Entered a sewer
  1842 | Sewer    | Reached skill level 1 in Hexes
  1842 | Sewer    | Reached skill level 1 in Charms
  1842 | Sewer    | Reached skill level 1 in Necromancy
  1842 | Sewer    | Reached skill level 1 in Transmutations
  1842 | Sewer    | Reached skill level 1 in Fire Magic
  1842 | Sewer    | Reached skill level 1 in Ice Magic
  1842 | Sewer    | Reached skill level 1 in Air Magic
  1842 | Sewer    | Reached skill level 1 in Earth Magic
  1842 | Sewer    | Reached skill level 1 in Poison Magic
  2059 | Sewer    | Noticed a bullfrog
  2071 | Sewer    | Killed a bullfrog
  2071 | Sewer    | Reached XP level 5. HP: 17/37 MP: 11/14
  2357 | D:3      | Found a sparkling altar of Nemelex Xobeh.
  2501 | D:3      | Killed an orc warrior
  2501 | D:3      | Reached XP level 6. HP: 44/44 MP: 9/16
  2677 | D:4      | Reached skill level 5 in Dodging
  3151 | D:4      | Reached XP level 7. HP: 50/50 MP: 12/18
  3381 | D:5      | Entered Level 5 of the Dungeon
  3497 | D:5      | Got a faintly humming ring mail
  4288 | D:5      | Reached skill level 5 in Stealth
  4863 | D:6      | Reached XP level 8. HP: 57/57 MP: 4/19
  5031 | D:6      | Found a runed door.
  5147 | D:6      | Identified the +5 ring mail of Mutualism {rF- rC++ Dex+6}
                  | (You found it on level 5 of the Dungeon)
  5506 | D:6      | Noticed Crazy Yiuf
  5516 | D:6      | Killed Crazy Yiuf
  5779 | D:7      | Found Helixom's Antique Weapon Boutique.
  5815 | D:7      | Learned a level 4 spell: Iskenderun's Mystic Blast
  5845 | D:7      | Found Xavole's Magic Scroll Shop.
  5850 | D:7      | Bought a scroll of identify for 24 gold pieces
  5850 | D:7      | Bought a scroll of identify for 24 gold pieces
  5850 | D:7      | Bought a scroll of enchant weapon for 90 gold pieces
  6206 | D:7      | Reached skill level 8 in Spellcasting
  6245 | D:7      | Noticed Harold
  6280 | D:7      | HP: 2/58 [Harold/short sword (12)]
  6282 | D:7      | Slain by Harold

Skill      XL: |  1  2  3  4  5  6  7  8 |
---------------+-------------------------+-----
Conjurations   | 2 3 |  3.5
Summonings     | 2 3 |  3.5
Translocations | 2 3 |  3.5
Invocations    | 1 2 3 |  3.7
Fighting       | 1 2 3 |  3.3
Short Blades   | 1 2 3 |  3.3
Long Blades    | 1 2 3 |  3.3
Axes           | 1 2 3 |  3.3
Maces & Flails | 1 2 3 |  3.3
Polearms       | 1 2 3 |  3.3
Staves         | 1 2 3 |  3.3
Slings         | 1 2 3 |  3.3
Bows           | 1 2 3 |  3.3
Crossbows      | 1 2 3 |  3.3
Throwing       | 1 2 3 |  3.3
Armour         | 1 2 3 |  3.3
Shields        | 1 2 3 |  3.3
Unarmed Combat | 1 2 3 |  3.3
Evocations     | 1 2 3 |  3.3
Hexes          | 1 2 |  2.7
Charms         | 1 2 |  2.7
Necromancy     | 1 2 |  2.7
Transmutations | 1 2 |  2.7
Fire Magic     | 1 2 |  2.7
Ice Magic      | 1 2 |  2.7
Air Magic      | 1 2 |  2.7
Earth Magic    | 1 2 |  2.7
Poison Magic   | 1 2 |  2.7
Dodging        | 5 |  5.7
Stealth        | 5 |  5.4
Spellcasting   | 8 |  8.0

Action                   |  1- 3 |  4- 6 |  7- 9 || total
-------------------------+-------+-------+-------++-------
Melee: Unarmed           |    18 |       |       ||    18
       Bite              |     3 |     4 |    10 ||    17
       Dagger            |       |    49 |    92 ||   141
       Punch             |       |       |     1 ||     1
 Cast: Magic Dart        |    74 |   126 |   126 ||   326
       Call Imp          |       |     8 |    11 ||    19
       Conjure Flame     |       |       |     4 ||     4
       Mephitic Cloud    |       |       |     2 ||     2
       Iskenderun's Myst |       |       |     2 ||     2
  Use: Scroll            |       |     8 |    13 ||    21
 Stab: Sleeping          |       |     4 |     8 ||    12
  Eat: Ration            |     2 |     2 |     2 ||     6
Armor: Robe              |       |     5 |    11 ||    16
       Ring mail         |       |       |     4 ||     4
Dodge: Dodged            |    12 |    39 |    59 ||   110
